 Dungeon Crawl Stone Soup version 0.29.1-15-g9cfb28693d (webtiles) character file.

Game seed: 7275063529233847219

17 FaviusArthum the Conjurer (level 2, 0/19 HPs)
             Began as a Demonspawn Conjurer on Dec 9, 2023.
             Slain by a quokka (2 damage)
             ... on level 1 of the Dungeon.
             The game lasted 00:03:10 (735 turns).

FaviusArthum the Conjurer (Demonspawn Conjurer)      Turns: 735, Time: 00:03:11

Health: 0/19       AC:  2    Str:  7    XL:     2   Next: 44%
Magic:  1/5        EV: 12    Int: 19    God:
Gold:   7          SH:  0    Dex: 11    Spells: 2/5 levels left

rFire   . . .      SeeInvis .   c - +0 whip
rCold   . . .      Faith    .   (no shield)
rNeg    . . .      Spirit   .   a - +0 robe
rPois   .          Reflect  .   (no helmet)
rElec   .          Harm     .   (no cloak)
rCorr   .          Rampage  .   (no gloves)
Will    .....                   (no boots)
Stlth   ++........              (no amulet)
HPRegen 0.06/turn               (no ring)
MPRegen 0.09/turn               (no ring)

@: very slightly contaminated
A: claws 1
a: no special abilities


You were on level 1 of the Dungeon.
You visited 1 branch of the dungeon, and saw 2 of its levels.

You collected 7 gold pieces.

Inventory:

Hand Weapons
 c - a +0 whip (weapon)
Armour
 a - a +0 robe (worn)
Scrolls
 e - a scroll of teleportation {unknown}
Potions
 b - a potion of magic


   Skills:
 * Level 0.2 Fighting
 + Level 1.8 Dodging
 + Level 1.8 Stealth
 * Level 2.1 Spellcasting
 + Level 4.5 Conjurations


You had 2 spell levels left.
You knew the following spells:

 Your Spells              Type           Power      Damage    Failure   Level
a - Magic Dart            Conj           76%        1d6       2%          1
b - Searing Ray           Conj           38%        2d5       3%          2

Your spell library contained the following spells:

 Spells                   Type           Power      Damage    Failure   Level
 Freeze                   Ice            4%         1d3       17%         1
 Dazzling Flash           Conj/Hex       20%        N/A       21%         3
 Frozen Ramparts          Ice            2%         1d1       45%         3
 Fulminant Prism          Conj/Hex       5%         3d7       54%         4
 Hailstorm                Conj/Ice       10%        3d5       54%         4
 Iskenderun's Mystic Bla  Conj/Tloc      10%        2d4       54%         4


Dungeon Overview and Level Annotations

Branches:
Dungeon (2/15)

Altars:


Innate Abilities, Weirdness & Mutations

You have sharp fingernails.


Message History

The quokka is severely wounded.
The quokka bites you.
Casting: Magic Dart (safe; 2% risk of failure)
Confirm with . or Enter, or press ? or * to list all spells.
Aiming: Magic Dart (safe; 2% risk of failure)
Press: ? - help, Shift-Dir - straight line, f/p - quokka
Aim: a quokka (severely wounded, 100% to hit)
You miscast Magic Dart.
You are very lightly contaminated with residual magic.
Nothing appears to happen.
The quokka barely misses you. x2
Casting: Magic Dart (safe; 2% risk of failure)
Confirm with . or Enter, or press ? or * to list all spells.
Aiming: Magic Dart (safe; 2% risk of failure)
Press: ? - help, Shift-Dir - straight line, f/p - quokka
Aim: a quokka (severely wounded, 100% to hit)
The magic dart hits the quokka.
The quokka is almost dead.
The quokka bites you but does no damage.
Casting: Magic Dart (safe; 2% risk of failure)
Confirm with . or Enter, or press ? or * to list all spells.
Aiming: Magic Dart (safe; 2% risk of failure)
Press: ? - help, Shift-Dir - straight line, f/p - quokka
Aim: a quokka (almost dead, 100% to hit)
The magic dart hits the quokka but does no damage.
The quokka is almost dead.
The quokka bites you.
* * * LOW HITPOINT WARNING * * *
Casting: Magic Dart (safe; 2% risk of failure)
Confirm with . or Enter, or press ? or * to list all spells.
You don't have enough magic to cast this spell.
You barely miss the quokka.
The quokka is almost dead.
The quokka closely misses you.
You closely miss the quokka.
The quokka is almost dead.
The quokka twitches its whiskers.
The quokka bites you.
* * * LOW HITPOINT WARNING * * *
The quokka bites you.
You die...

.... ... #. .... .... #.
... ### .... #. .r. ....
...# #. ..##..# #..# .#
#####. ......# ...######.#
#..... ..## ##..##.....#
#.#### ..>### #
#>r.##.....# #.# ..##.##
#####.##@.##.....# #.#
#....†###.##......##.....#
#.####
#.##..##>#<#..##..##.....#
#.....
#........................#
######
#########.##########.....#
#..... ...# #....(# #....#
..#### #.....###..#.# #.#
##.†.>..#....# .
#......#.#...


You could see a quokka.

Vanquished Creatures
  An adder (D:2)
  An endoplasm (D:1)
  A goblin (D:1)
  2 hobgoblins (D:1)
  A bat (D:1)
  3 rats (D:1)
9 creatures vanquished.

Notes
Turn   | Place    | Note
-------+----------+-------------------------------------------
     0 | D:1      | FaviusArthum the Demonspawn Conjurer began the quest for
                  | the Orb.
     0 | D:1      | Reached XP level 1. HP: 13/13 MP: 3/3
   192 | D:2      | Gained mutation: You have sharp fingernails. [demonic
                  | ancestry]
   192 | D:2      | Reached XP level 2. HP: 19/19 MP: 0/5
   651 | D:1      | Identified a scroll of acquirement
   651 | D:1      | Acquired a book of Frost
   656 | D:1      | Learned a level 2 spell: Searing Ray
   735 | D:1      | Slain by a quokka

Illustrated notes

Levels and vault maps discovered:
D:1:      onia_arrival_handbag, layout_basic
D:2:      layout_loops_corners, nicolae_shop_vocational

Action                   || total
-------------------------++-------
Melee: Whip              ||    11
 Cast: Magic Dart        ||    27
  Use: Scroll            ||     1
Armor: Robe              ||     4
Dodge: Dodged            ||     6
